 Dungeon Sprint DCSS version 0.29-a0-789-g7a8fcbc185 (webtiles) character file.

Game seed: 11414254240561845567

3903 Hipnos the Basher (level 10, -26/72 HPs)
             Began as a Gargoyle Fighter on July 3, 2022.
             Was a Believer of Qazlal.
             Killed from afar by a crystal guardian (49 damage)
             ... with a crystal bolt
             ... in the Dungeon (Sprint II: "The Violet Keep of Menkaure").
             The game lasted 00:08:21 (1936 turns).

Hipnos the Basher (Gargoyle Fighter)                Turns: 1936, Time: 00:08:21

Health: -26/72     AC: 24    Str: 24    XL:     10   Next: 20%
Magic:  10/13      EV:  8    Int:  9    God:    Qazlal [**....]
Gold:   106        SH:  8    Dex:  9    Spells: 9/9 levels left

rFire   . . .      SeeInvis .   a - +0 flail
rCold   + . .      Faith    .   c - +0 buckler
rNeg    + . .      Spirit   .   i - +2 plate armour {rC+}
rPois   ∞          Reflect  .   (no helmet)
rElec   +          Harm     .   g - scarf {repulsion}
rCorr   .          Rampage  .   (no gloves)
Will    .....      NoTele   +   (no boots)
Stlth   ..........              (no amulet)
HPRegen 0.22/turn               (no ring)
MPRegen 0.13/turn               (no ring)

@: repel missiles
A: sickness immunity, AC +7, negative energy resistance 1, electricity
resistance, torment resistance 1, petrification resistance
a: Renounce Religion, Upheaval


You were in the Dungeon.
You worshipped Qazlal.
Qazlal was pleased with you.
You visited 1 branch You collected 818 gold pieces.
You spent 712 gold pieces at shops.

Inventory:

Hand Weapons
 a - a +0 flail (weapon)
Armour
 b - a +0 scale mail
 c - a +0 buckler (worn)
 g - a scarf of repulsion (worn)
 i - a +2 plate armour of cold resistance (worn)
Scrolls
 j - a scroll of blinking
Potions
 d - a potion of might
 e - a potion of curing
 h - 2 potions of magic


   Skills:
 + Level 12.9 Fighting
 + Level 13.5 Maces & Flails
 + Level 12.5 Armour
 + Level 2.8 Dodging
 + Level 1.4 Stealth
 + Level 10.6 Shields
 * Level 5.2 Invocations


You had 9 spell levels left.
You didn't know any spells.
Your spell library was empty.

Dungeon Overview and Level Annotations

Branches:
Dungeon (1/1)

Altars:
Cheibriados
Dithmenos
Elyvilon
Fedhas
Gozag
Hepliaklqana
Kikubaaqudgha
Makhleb
Nemelex Xobeh
Okawaru
Qazlal
Ru
Sif Muna
Trog
Uskayaw
Vehumet
Wu Jian
Xom
Yredelemnul
Zin
The Shining One
Jiyva
Lugonu

Shops:
D [!:?!*=[[?([=:!

Annotations:
D exclusions: obsidian statue and oklob plant


Innate Abilities, Weirdness & Mutations

You are immune to sickness and miasma.
Your stone body is resilient. (AC +7)
You are immune to poison.
You resist negative energy. (rN+)
You are resistant to electric shocks. (rElec)
You are resistant to unholy torment.
You are immune to petrification.


Message History

The crystal guardian is moderately damaged.
The crystal guardian hits you!
You hit the crystal guardian but do no damage.
The crystal guardian is moderately damaged.
Aiming: Upheaval
Press: ? - help, Dir - move target, f - crystal guardian
Aim: a crystal guardian (moderately damaged) That beam is likely to hit you.
Continue anyway?
The ground shakes violently, spewing rubble!
The blast of rubble hits the crystal guardian but does no damage.
The crystal guardian is moderately damaged.
The crystal guardian barely misses you.
You hit the crystal guardian but do no damage.
The crystal guardian is moderately damaged.
The crystal guardian fires a crystalline bolt at you.
The crystal bolt is repelled.
You hit the crystal guardian but do no damage.
The crystal guardian is moderately damaged.
The crystal guardian fires a crystalline bolt at you.
The crystal bolt freezes you. You resist.
You hit the crystal guardian but do no damage.
The crystal guardian is moderately damaged.
The crystal guardian hits you but does no damage.
You thump the crystal guardian!
The crystal guardian is heavily damaged.
You hit the crystal guardian but do no damage.
The crystal guardian is heavily damaged.
The crystal guardian hits you but does no damage.
You hit the crystal guardian but do no damage.
The crystal guardian is heavily damaged.
The crystal guardian fires a crystalline bolt at you.
The crystal bolt freezes you! You resist.
You hit the crystal guardian but do no damage.
The crystal guardian is heavily damaged.
You hit the crystal guardian but do no damage.
The crystal guardian is heavily damaged.
The crystal guardian fires a crystalline bolt at you.
The crystal bolt burns you!!!
Ouch! That really hurt!
You die...

^.. ## .. . ##.. #^ . .##.###
+^##. |▓[???$??$▓▓ .. ...#
..9####▓[$(!?)!?▓▓ #B ##..##
#..##.#▓$?$)!$!!▓▓ +###.##..#
+..#..#▓$$$?!!([▓▓ .##.# #..#
#..#@.#▓)?!)$!:$▓▓ <.'.#
+..####^.##9#▓?!)$?[?(▓▓
.##..##....###...##▓▓▓▓▓▓▓+▓▓▓▓
†###.##......≈≈≈≈≈≈≈≈≈≈≈≈≈...Xw
#.####≈≈.§...≈#)########'###.≈w
##.#≈≈≈≈≈§§§.≈#....._._#≈≈≈#
##≈≈≈≈≈≈≈≈§≈#...._._.#≈§§§#
+##≈≈≈≈≈≈§§§≈≈#..._._._#≈≈≈§§#
≈≈≈≈≈≈§≈≈§≈≈≈≈#.._._._.#≈≈≈≈§≈#


You could see a crystal guardian.

Vanquished Creatures
  2 death drakes (D)
  A yaktaur (D)
  3 polar bears (D)
  A hornet (D)
  4 neqoxecs (D)
  2 wyverns (D)
  Menkaure (D)
  4 water moccasins (D)
  2 swamp drakes (D)
  4 necrophages (D)
  A scorpion (D)
  A tentacle (D)
26 creatures vanquished.

Vanquished Creatures (others)
  12 tentacles (D)
12 creatures vanquished.

Grand Total: 38 creatures vanquished

Notes
Turn   | Place    | Note
-------+----------+-------------------------------------------
     0 | D        | Hipnos the Gargoyle Fighter began the quest for the Orb.
     0 | D        | Reached XP level 1. HP: 14/14 MP: 1/1
     1 | D        | Noticed a necrophage
     1 | D        | Noticed a necrophage
     1 | D        | Noticed a necrophage
     1 | D        | Noticed a necrophage
     5 | D        | Killed a necrophage
     6 | D        | Reached skill level 5 in Fighting
     6 | D        | Reached skill level 5 in Armour
     6 | D        | Reached skill level 5 in Shields
     6 | D        | Reached XP level 2. HP: 22/22 MP: 2/2
     6 | D        | Reached XP level 3. HP: 27/27 MP: 3/3
     6 | D        | Reached XP level 4. HP: 32/32 MP: 4/4
    12 | D        | Killed a necrophage
    13 | D        | Reached skill level 3 in Maces & Flails
    13 | D        | Reached XP level 5. HP: 37/37 MP: 5/5
    18 | D        | Reached skill level 4 in Maces & Flails
    28 | D        | Reached skill level 5 in Maces & Flails
    28 | D        | Reached XP level 6. HP: 33/44 MP: 6/6
    99 | D        | Noticed a boulder beetle
    99 | D        | Noticed a boulder beetle
   102 | D        | Noticed a neqoxec
   102 | D        | Noticed a neqoxec
   102 | D        | Noticed a neqoxec
   102 | D        | Noticed a neqoxec
   115 | D        | Killed a neqoxec
   116 | D        | Reached skill level 6 in Maces & Flails
   130 | D        | Killed a neqoxec
   131 | D        | Reached skill level 7 in Maces & Flails
   131 | D        | Reached skill level 1 in Dodging
   131 | D        | Reached XP level 7. HP: 29/51 MP: 7/7
   138 | D        | Killed a neqoxec
   139 | D        | Reached skill level 8 in Maces & Flails
   145 | D        | Killed a neqoxec
   146 | D        | Reached skill level 10 in Fighting
   146 | D        | Reached skill level 9 in Maces & Flails
   346 | D        | Noticed a wyvern
   346 | D        | Noticed a wyvern
   353 | D        | Killed a wyvern
   354 | D        | Reached XP level 8. HP: 57/57 MP: 8/8
   362 | D        | Killed a wyvern
   363 | D        | Reached skill level 10 in Maces & Flails
   439 | D        | Found Jigor's Distillery.
   440 | D        | Found Xeleirpho's Book Boutique.
   440 | D        | Found Suylan's Antique Weapon Shop.
   440 | D        | Found Efugaq's Antique Armour Shop.
   440 | D        | Found Adues's Armour Boutique.
   440 | D        | Found Reil's Magic Scroll Boutique.
   440 | D        | Found Kumew's Jewellery Shop.
   440 | D        | Found Umoomnat's Antique Armour Shop.
   441 | D        | Found Qeduhink's General Store.
   442 | D        | Found Ereihoz's Jewellery Boutique.
   443 | D        | Found Rehumeo's Distillery.
   443 | D        | Found Veugotig's Magic Scroll Boutique.
   443 | D        | Noticed Menkaure
   443 | D        | Noticed an oklob plant
   444 | D        | Found Xeseomp's Distillery.
   444 | D        | Found Soqocid's Armour Boutique.
   444 | D        | Found Lof Mex's Book Shoppe.
   461 | D        | Killed Menkaure
   466 | D        | Bought a potion of heal wounds for 60 gold pieces
   466 | D        | Bought a potion of heal wounds for 60 gold pieces
   469 | D        | Bought an embroidered scarf for 192 gold pieces
   483 | D        | Noticed a great orb of eyes
   483 | D        | Noticed a flying skull
   488 | D        | Bought a +2 plate armour of cold resistance for 400 gold
                  | pieces
   529 | D        | Noticed an obsidian statue
   556 | D        | Found a snail-covered altar of Cheibriados.
   557 | D        | Found a shadowy altar of Dithmenos.
   558 | D        | Found a white marble altar of Elyvilon.
   558 | D        | Found an ancient bone altar of Kikubaaqudgha.
   558 | D        | Found a viscous altar of Jiyva.
   559 | D        | Found a blossoming altar of Fedhas.
   559 | D        | Found a corrupted altar of Lugonu.
   559 | D        | Found a shimmering blue altar of Sif Muna.
   559 | D        | Found a hazy altar of Hepliaklqana.
   559 | D        | Found a sacrificial altar of Ru.
   622 | D        | Found an opulent altar of Gozag.
   622 | D        | Found a burning altar of Makhleb.
   622 | D        | Found a bloodstained altar of Trog.
   626 | D        | Found a sparkling altar of Nemelex Xobeh.
   626 | D        | Found a hide-covered altar of Uskayaw.
   660 | D        | Found a basalt altar of Yredelemnul.
   661 | D        | Found an iron altar of Okawaru.
   661 | D        | Found a radiant altar of Vehumet.
   661 | D        | Found a glowing silver altar of Zin.
   661 | D        | Found a shimmering altar of Xom.
   661 | D        | Noticed a hornet
   661 | D        | Noticed a polar bear
   661 | D        | Noticed a polar bear
   661 | D        | Noticed a yaktaur
   662 | D        | Found a stormy altar of Qazlal.
   662 | D        | Found an ornate altar of the Wu Jian Council.
   662 | D        | Found a glowing golden altar of the Shining One.
   682 | D        | Killed a polar bear
   683 | D        | Reached skill level 11 in Maces & Flails
   683 | D        | Reached skill level 10 in Armour
   697 | D        | Killed a polar bear
   698 | D        | Reached XP level 9. HP: 40/64 MP: 9/9
   704 | D        | Killed a yaktaur
   705 | D        | Reached skill level 12 in Maces & Flails
   717 | D        | Killed a hornet
   729 | D        | Became a worshipper of Qazlal Stormbringer
   879 | D        | Noticed a polar bear
   889 | D        | Killed a polar bear
   890 | D        | Reached skill level 10 in Shields
   890 | D        | Reached skill level 1 in Invocations
  1180 | D        | Noticed a kraken
  1367 | D        | Reached * piety under Qazlal
  1398 | D        | Noticed a death drake
  1398 | D        | Noticed a crystal guardian
  1400 | D        | Noticed a death drake
  1418 | D        | Killed a death drake
  1419 | D        | Reached skill level 13 in Maces & Flails
  1419 | D        | Reached skill level 1 in Stealth
  1450 | D        | Killed a death drake
  1451 | D        | Reached XP level 10. HP: 35/72 MP: 13/13
  1461 | D        | Reached ** piety under Qazlal
  1462 | D        | Reached skill level 5 in Invocations
  1936 | D        | Killed from afar by a crystal guardian

Illustrated notes

Levels and vault maps discovered:
D:        the_violet_keep_of_menkaure [sprint2_stairs_cluster_1,
          sprint2_shoproom, sprint2_temple, sprint2_basic_supplies,
          sprint2_obstacle_3, sprint2_obstacle_4, sprint2_obstacle_7,
          sprint2_obstacle_1, sprint2_obstacle_5, sprint2_timed_cluster_1,
          sprint2_smallroom_cluster_1, sprint2_smallroom_final_cluster_1,
          sprint2_transparent_cluster_1, sprint2_second_timed_cluster_1,
          sprint2_sniper_area_1, sprint2_heavy_combat_area_1,
          sprint2_mutation_trap_area_1, sprint2_forest_area_1,
          sprint2_light_combat_area_1, sprint2_behind_water_1,
          sprint2_near_end_vault_1]

Skill      XL: |  1  2  3  4  5  6  7  8  9 10 |
---------------+-------------------------------+-----
Fighting       | 5 6 7 9 10 11 12 | 12.9
Armour         | 5 6 7 8 9 10 12 | 12.5
Shields        | 5 6 7 8 9 10 | 10.6
Maces & Flails | 3 5 7 9 11 13 | 13.5
Dodging        | 1 2 |  2.8
Invocations    | 4 5 |  5.2
Stealth        | 1 |  1.4

Action                   |  1- 3 |  4- 6 |  7- 9 | 10-12 || total
-------------------------+-------+-------+-------+-------++-------
Melee: Flail             |     3 |    49 |   220 |    29 ||   301
Invok: Upheaval          |       |       |       |     1 ||     1
  Use: Potion            |     1 |     1 |     3 |       ||     5
Armor: Scale mail        |       |    18 |     8 |       ||    26
       Plate armour      |       |       |   163 |     8 ||   171
Dodge: Dodged            |       |    10 |    82 |     6 ||    98
       Repelled          |       |       |       |     1 ||     1
Block: Buckler           |       |     9 |    71 |     4 ||    84

Table legend: (Time is in decaauts)
 A = Elapsed time spent in this place.
 B = Non-inter-level travel time spent in this place.
 C = Inter-level travel time spent in this place.
 D = Time resting spent in this place.
 E = Time spent auto-exploring this place.
 F = Levels seen in this place.
 G = Mean time per level.
                   A        B        C        D        E       F      G
               +--------+--------+--------+--------+--------+-----+--------+
         Total |   1929 |   1929 |      0 |   1420 |      0 |   1 | 1929.0 |
       Dungeon |   1929 |   1929 |      0 |   1420 |      0 |   1 | 1929.0 |
               +--------+--------+--------+--------+--------+-----+--------+

Top non-repeatable levels by time:
       D: 1929 daAuts
